 Dungeon Crawl Stone Soup version 0.17-a0-1515-gfae3d72 (webtiles) character file.

268098 namelastname112 the Unseen (level 19, -3/161 HPs)
             Began as a Black Draconian Skald on July 12, 2015.
             Was the Champion of Dithmenos.
             Shot with an arrow by a deep elf master archer (4 damage)
             ... on level 3 of the Elven Halls.
             The game lasted 02:30:49 (45262 turns).

namelastname112 the Unseen (Black Draconian Skald) Turns: 45262, Time: 02:30:49

Health: -3/161     AC: 19    Str: 14    XL:     19   Next: 37%
Magic:  32/32      EV: 28    Int: 12    God:    Dithmenos [******]
Gold:   2446       SH: 10    Dex: 27    Spells: 7 memorised, 12 levels left

rFire  + . .     SeeInvis .     b - +9 long sword "Qaimal" {elec, MR++}
rCold  + . .     Clarity  .     (armour unavailable)
rNeg   . . .     SustAt   .     M - +2 buckler {AC+3}
rPois  +         Gourm    .     T - +2 hat
rElec  +         Spirit   .     O - +2 cloak
rCorr  .         Warding  .     o - +1 pair of gloves {Str+3}
rMut   .         Stasis   .     p - +0 pair of boots
MR     ++++.                    g - amulet "Saotz" {rF+ rC+ Regen+ Str-4 Dex+4}
Stlth  ++++++++++               q - +4 ring of evasion
                                u - ring "Qifru" {rPois MR+ AC-2 Dex+4}

@: flying, wreathed by umbra, studying Fighting, incredibly resistant to hostile
enchantments, uncannily stealthy
A: breathe lightning, unfitting armour, big wings, electricity resistance,
cold-blooded, AC +10
a: Breathe Lightning, Stop Flying, Shadow Step, Shadow Form, Renounce Religion
}: 2/15 runes: barnacled, gossamer


You were on level 3 of the Elven Halls.
You worshipped Dithmenos.
Dithmenos was exalted by your worship.
You were not hungry.

You visited 6 branches of the dungeon, and saw 38 of its levels.
You also visited: Labyrinth, Sewer, Ossuary, Bailey and Ice Cave.

You collected 4218 gold pieces.
You spent 1772 gold pieces at shops.

Inventory:

Hand weapons
 a - a +5 dagger of electrocution
 b - the +9 long sword "Qaimal" (weapon) {elec, MR++}
   (You found it in a sewer)

   Occasionally, upon striking a foe, it will discharge some electrical energy
   and cause terrible harm.
   It affects your resistance to hostile enchantments.
 l - a +1 double sword of electrocution
 m - a +6 quick blade
 B - a +5 blowgun
Missiles
 w - 13 curare-tipped needles
 y - 66 poisoned needles
 D - 8 throwing nets (quivered)
 U - 2 needles of confusion
Armour
 o - a +1 pair of gloves of strength (worn)
 p - a +0 pair of boots (worn)
 M - a +2 buckler of protection (worn)
 O - a +2 cloak (worn)
 T - a +2 hat (worn)
Jewellery
 g - the amulet "Saotz" (around neck) {rF+ rC+ Regen+ Str-4 Dex+4}
   (You bought it in a shop on level 7 of the Dungeon)

   [amulet of regeneration]

   It affects your strength (-4).
   It affects your dexterity (+4).
   It protects you from fire.
   It protects you from cold.
   It increases your rate of regeneration.
 q - a +4 ring of evasion (right hand)
 u - the ring "Qifru" (left hand) {rPois MR+ AC-2 Dex+4}
   (You found it on level 4 of the Dungeon)

   [ring of protection]

   It affects your AC (-2).
   It affects your dexterity (+4).
   It protects you from poison.
   It affects your resistance to hostile enchantments.
Magical devices
 e - a wand of frost (34)
 h - a wand of cold (4)
 i - a wand of heal wounds (4)
 j - a wand of teleportation (4)
 r - a wand of hasting (1)
 J - a wand of draining (2)
 L - a wand of teleportation (2)
 P - a wand of digging (15)
 Q - a wand of disintegration (9)
Scrolls
 f - 16 scrolls of remove curse
 n - a scroll of amnesia
 t - 2 scrolls of blinking
 v - 3 scrolls of recharging
 x - 7 scrolls of magic mapping
 A - a scroll of holy word {unknown}
 G - 3 scrolls of teleportation
 K - 4 scrolls of fear
 S - 9 scrolls of identify
 X - 5 scrolls of fog
Potions
 d - 4 potions of resistance
 k - 2 potions of cancellation
 s - 10 potions of curing
 C - 3 potions of haste
 E - a potion of heal wounds
 F - 5 potions of agility
 H - 5 potions of brilliance
 I - a potion of magic
 N - 2 potions of invisibility
 R - 4 potions of berserk rage
 V - 7 potions of ambrosia
 Z - 4 potions of might
Books
 z - a manual of Fighting
Miscellaneous
 W - a sack of spiders {used: 1}
 Y - a phantom mirror
Comestibles
 c - 16 bread rations


   Skills:
 - Level 12.5 Fighting
 - Level 14.7 Short Blades
 - Level 7.9 Throwing
 - Level 10.2 Dodging
 - Level 18.2 Stealth
 - Level 10.0 Shields
 + Level 9.8 Spellcasting
 + Level 9.2 Hexes
 - Level 2.6 Charms
 - Level 9.1 Invocations
 - Level 8.4 Evocations


You had 12 spell levels left.
You knew the following spells:

 Your Spells              Type           Power        Failure   Level  Hunger
a - Infusion              Chrm           ##....       4%          1    None
b - Apportation           Tloc           #.........   14%         1    None
c - Tukima's Dance        Hex            ####....     1%          3    ##.....
d - Invisibility          Hex            ####....     45%         6    #######
e - Deflect Missiles      Chrm/Air       #.........   100%        6    #######
f - Silence               Hex/Air        ###.......   54%         5    #####..
g - Ozocubu's Armour      Chrm/Ice       #.......     24%         3    ##.....


Dungeon Overview and Level Annotations

Branches:
Dungeon (15/15)            Temple (0/1) D:5            Lair (8/8) D:8
 Shoals (4/4) Lair:3       Spider (4/4) Lair:3        Slime (0/6) Lair:7
    Orc (4/4) D:11            Elf (3/3) Orc:4        Vaults (0/5) D:13
 Depths (0/5) D:15

Altars:
Ashenzari
Cheibriados
Dithmenos
Elyvilon
Makhleb
Qazlal
Vehumet
Xom
Yredelemnul
Beogh

Shops:
D:4 :   D:5 (   D:6 =   D:7 *([=   D:9 [   Orc:1 %   Orc:2 (   Orc:4 (*[:(
Elf:2 [   Shoals:1 ?

Portals:
Hell: Lair:8

Annotations:
D:11 namelastname112's ghost, powerful DrSk
Elf:2 2 runed doors


Innate Abilities, Weirdness & Mutations

You can breathe wild blasts of lightning.
Your glossy black scales are hard (AC +10).
Your body does not fit into most forms of armour.
Your large and strong wings let you fly indefinitely.
You are resistant to electric shocks.
You are cold-blooded and may be slowed by cold attacks.


Message History

Evoke which item? (* to show all) (? for menu, Esc to quit)
Zapping:
i - a wand of heal wounds (6)
Press: ? - help, Shift-Dir - straight line, f - you You feel much better.
This wand has 5 charges left.
The deep elf master archer shoots an arrow.
You block the arrow.
Evoke which item? (* to show all) (? for menu, Esc to quit)
Zapping:
i - a wand of heal wounds (5)
Press: ? - help, Shift-Dir - straight line, f - you You feel much better.
This wand has 4 charges left.
The deep elf master archer shoots an arrow.
The arrow hits you!!
* * * LOW HITPOINT WARNING * * *
The arrow burns you.
* * * LOW HITPOINT WARNING * * *
The deep elf master archer shoots an arrow.
The arrow hits you!!
* * * LOW HITPOINT WARNING * * *
You emit a cloud of dark smoke.
The arrow burns you.
You die...

,,** *,,,,** ,,* *,,,,,**
,** *+**,,,* ,*
#***,,**,,*
**##.,,,,,*,,*
*,...⌠,,,,+,,*
,,.....##########
,,..........(##e## *##
,,...e...###...#@# #.#
,,...........#.### ##.##
,,.....#######.# #...#
*,...⌠.,,,+,,#.# ##...##
**##..,,,,*,,#.# #.....#
#
##**,,**,,#.######.....##
# *+**,,,#.............#
# *,,,,,*#######.......##
# *,,,,** #.........#


You could see a deep elf master archer.

Vanquished Creatures
  Nikola (Elf:1)
  Arachne (Spider:3)
  Jorgrun (Elf:3)
  A deep elf blademaster (Elf:3)
  Gastronok (Lair:1)
  Frances (D:12)
  Kirke (D:12)
  Ilsuiw (Shoals:4)
  Donald (Orc:3)
  Maud (Lair:4)
  4 deep elf sorcerers (Elf:3)
  2 orc warlords (Orc:4)
  Aizul (Elf:3)
  The ghost of nago the Cruncher, a powerful HuWn of Trog (IceCv)
  A ghost moth (Spider:4)
  8 emperor scorpions
  6 deep elf demonologists (Elf:3)
  Azrael (D:15)
  A dire elephant (Lair:8)
  5 deep elf annihilators (Elf:3)
  A minotaur (Lab)
  6 merfolk javelineers
  8 deep elf death magi
  A vault guard (D:13)
  12 merfolk impalers
  Erolcha (D:8)
  A rakshasa (D:11)
  Fannar (D:10)
  2 deep elf high priests
  4 entropy weavers
  Harold (Lair:1)
  10 hydras
  2 merfolk avatars
  5 merfolk aquamancers
  4 centaur warriors
  4 dancing weapons (Elf:2)
  5 satyrs
  A vampire mage (D:15)
  10 death yaks
  An orc high priest (Orc:4)
  5 tengu warriors
  Urug (Lair:4)
  A sun demon (Lair:8)
  Sonja (D:12)
  Nergalle (Orc:4)
  8 deep elf knights
  A skeletal warrior (D:15)
  A wizard (Lair:8)
  An unseen horror (D:15)
  12 sea snakes
  8 hill giants
  3 ice statues (IceCv)
  6 deep elf summoners
  5 orc knights
  Pikel (D:7)
  11 deep elf conjurers
  A necromancer (D:15)
  16 harpies
  A tengu zombie (D:15)
  16 ugly things
  A sphinx zombie (D:15)
  2 oklob plants (Lair:7)
  6 large abominations (Elf:1)
  8 cyclopes
  8 griffons
  A sixfirhy (Lair:8)
  15 wolf spiders
  13 orb spiders
  An orc sorcerer (Orc:4)
  14 fauns
  10 water nymphs
  5 manticores
  2 moths of wrath
  22 elephants
  A frost giant skeleton (D:15)
  A spriggan zombie (D:15)
  7 hornets
  Maurice (D:12)
  7 black mambas
  Joseph (D:8)
  7 sirens
  A centaur zombie (D:14)
  A torpor snail (Spider:4)
  9 spiny frogs
  A gargoyle (D:11)
  5 orange demons (Lair:8)
  4 centaur skeletons
  3 trolls
  8 demonic crawlers
  A tengu conjurer (D:13)
  A hellwing (Lair:8)
  2 red devils (Lair:8)
  4 polar bears
  A guardian mummy (D:15)
  23 merfolk
  3 fire drakes
  The ghost of namelastname112 the Cutter, an average DrSk (D:5)
  11 blink frogs
  5 komodo dragons
  Grinder (D:6)
  A two-headed ogre (D:11)
  11 deep elf priests
  2 blue devils (Lair:8)
  4 wind drakes
  8 slime creatures
  3 wandering mushrooms (D:8)
  A blink frog (shapeshifter) (Elf:2)
  6 snapping turtles
  A trapdoor spider zombie (D:8)
  A hornet zombie (D:15)
  23 jumping spiders
  3 shadows
  25 deep elf magi
  2 boulder beetles
  50 redbacks
  6 wyverns
  21 yaks
  14 trapdoor spiders
  2 fire elementals (D:15)
  22 tarantellas
  A wraith (D:12)
  2 hogs (D:12)
  12 vampire mosquitoes
  20 water elementals
  A centaur simulacrum (D:14)
  25 deep elf fighters
  Grum (Lair:1)
  A harpy simulacrum (D:13)
  12 hippogriffs
  2 mottled dragons
  4 basilisks
  A hungry ghost (D:14)
  A soldier ant (D:15)
  30 wolves
  Edmund (D:5)
  4 wargs
  7 hell hounds
  16 water moccasins
  35 orc warriors
  3 sky beasts
  4 wasps (Spider:4)
  9 ice beasts
  Purgy (Sewer)
  A slave (D:6)
  10 spiders
  A black bear (D:9)
  12 porcupines
  14 centaurs
  2 eyes of draining
  25 crocodiles
  6 ogres
  4 elf zombies
  A brain worm (D:15)
  A big kobold (D:9)
  18 giant frogs
  A gnoll sergeant (D:4)
  4 scorpions
  11 killer bees (D:13)
  5 wights (D:15)
  6 crimson imps
  6 electric eels
  4 hounds
  3 jellies
  2 giant frog zombies (D:9)
  Crazy Yiuf (D:3)
  26 orc priests
  A gnoll shaman (D:9)
  Jessica (D:2)
  A giant frog skeleton (D:9)
  8 worker ants
  43 orc wizards
  A quasit (D:6)
  10 iguanas
  34 sheep
  4 big kobold zombies (Ossuary)
  2 hound zombies
  A hound skeleton (D:4)
  The ghost of Eleanoora the Caller, a weakling VSSu (D:4)
  2 mummies (Ossuary)
  12 gnolls
  18 adders
  4 shadow imps
  91 river rats
  An ooze (D:3)
  2 worms
  7 giant geckos
  164 orcs
  2 ball pythons
  A bat skeleton (D:6)
  A bat zombie (D:5)
  5 giant cockroaches
  A gnoll zombie (Ossuary)
  22 goblins
  15 hobgoblins
  22 jackals
  3 quokkas
  18 bats
  7 giant newts
  2 goblin zombies (Ossuary)
  4 hobgoblin zombies (Ossuary)
  22 kobolds
  2 orc zombies (Ossuary)
  A quokka skeleton (D:4)
  8 rats
1545 creatures vanquished.

Vanquished Creatures (others)
  A deep elf knight (Elf:2)
  A deep elf summoner (Elf:2)
  A centaur zombie (D:15)
  A deep elf fighter (Elf:2)
  A human (D:13)
  2 slaves
  A crimson imp (D:9)
  A jelly (D:8)
  A mummy (D:6)
  A gnoll (D:9)
  An adder (D:8)
  An orc (Orc:2)
  A bush (Lair:1)
  130 fungi
  61 plants
205 creatures vanquished.

Grand Total: 1750 creatures vanquished

Notes
Turn   | Place    | Note
--------------------------------------------------------------
     0 | D:1      | namelastname112 the Draconian Skald began the quest for the Orb.
     0 | D:1      | Reached XP level 1. HP: 17/17 MP: 3/3
   243 | D:1      | Reached XP level 2. HP: 24/24 MP: 5/5
   618 | D:2      | Reached skill level 1 in Stealth
   701 | D:2      | Reached XP level 3. HP: 21/30 MP: 4/6
   787 | D:2      | Noticed Jessica
   794 | D:2      | Killed Jessica
   860 | D:2      | Reached skill level 3 in Short Blades
   860 | D:2      | Reached XP level 4. HP: 34/37 MP: 0/7
  1527 | D:3      | Found a shadowy altar of Dithmenos.
  1749 | D:3      | Reached XP level 5. HP: 37/45 MP: 8/8
  1885 | D:3      | Found a white marble altar of Elyvilon.
  2445 | D:4      | Found a glowing drain.
  2535 | Sewer    | Entered a sewer
  2570 | Sewer    | Noticed Purgy
  2628 | Sewer    | Killed Purgy
  2628 | Sewer    | Reached skill level 4 in Short Blades
  2628 | Sewer    | Reached XP level 6. HP: 28/51 MP: 5/9
  2644 | Sewer    | Got a scorched long sword
  2762 | Sewer    | Identified the +9 long sword "Qaimal" {elec, MR++} (You found it in a sewer)
  2782 | D:4      | Got a shimmering golden ring
  2783 | D:4      | Identified the cursed ring "Qifru" {rPois MR+ AC-2 Dex+4} (You found it on level 4 of the Dungeon)
  3510 | D:4      | Found Nousch Atud's Book Boutique.
  3581 | D:4      | Noticed Eleanoora's ghost (weakling VSSu)
  3584 | D:4      | Killed Eleanoora's ghost
  3670 | D:4      | Your scales start taking on a glossy black colour.
  3670 | D:4      | Gained mutation: You are resistant to electric shocks. [Black Draconian growth]
  3670 | D:4      | Reached XP level 7. HP: 56/59 MP: 10/10
  3797 | D:3      | Became a worshipper of Dithmenos the Shadowed
  3833 | D:3      | Noticed Crazy Yiuf
  3838 | D:3      | Killed Crazy Yiuf
  4191 | D:5      | Entered Level 5 of the Dungeon
  4276 | D:5      | Reached skill level 5 in Short Blades
  4305 | D:5      | Found Uwkuolopt's Antique Weapon Shoppe.
  4330 | D:5      | Found a stormy altar of Qazlal.
  4392 | D:5      | Found a snail-covered altar of Cheibriados.
  4563 | D:5      | Noticed Edmund
  4573 | D:5      | Killed Edmund
  4655 | D:5      | Noticed namelastname112's ghost (average DrSk)
  4668 | D:5      | Killed namelastname112's ghost
  4668 | D:5      | Reached XP level 8. HP: 60/67 MP: 9/11
  4823 | D:5      | Reached skill level 5 in Stealth
  4828 | D:5      | Found a staircase to the Ecumenical Temple.
  5139 | D:6      | Noticed Grinder
  5157 | D:6      | Killed Grinder
  5157 | D:6      | Reached skill level 6 in Short Blades
  5166 | D:6      | Found a sand-covered staircase.
  5172 | Ossuary  | Entered an ossuary
  5189 | Ossuary  | Reached skill level 5 in Fighting
  5707 | D:6      | Found Ujamin's Jewellery Shoppe.
  5977 | D:5      | Bought an ancient rapier for 252 gold pieces
  5977 | D:5      | Identified the +3 rapier "Beastslayer" {antimagic, rF+ Str+2} (You bought it in a shop on level 5 of the Dungeon)
  6199 | D:7      | Reached skill level 7 in Short Blades
  6222 | D:7      | Found Sirhi's Antique Armour Emporium.
  6227 | D:7      | Found a shattered altar of Ashenzari.
  6243 | D:7      | Found Owohel's Jewellery Boutique.
  6268 | D:7      | Reached XP level 9. HP: 74/74 MP: 12/12
  6336 | D:7      | Noticed Pikel
  6342 | D:7      | Killed Pikel
  6352 | D:7      | Found Egarch's General Store.
  6571 | D:7      | Found Firhuts's Antique Weapon Boutique.
  6665 | D:7      | Acquired Dithmenos's first power
  6740 | D:7      | Found a burning altar of Makhleb.
  6800 | D:8      | Identified a scroll of acquirement
  6801 | D:8      | Got a jewelled cloak
  6817 | D:8      | Identified the +0 cloak of Murgheyru {*Confuse rN+ Dex+2} (You acquired it on level 8 of the Dungeon)
  6844 | D:8      | Found a staircase to the Lair.
  6846 | D:8      | Reached skill level 5 in Dodging
  6856 | D:8      | Reached skill level 8 in Short Blades
  6923 | D:8      | Noticed Erolcha
  7020 | D:8      | Found a flagged portal.
  7157 | D:8      | Noticed Joseph
  7168 | D:8      | Killed Joseph
  7214 | Bailey   | Entered a bailey
  7214 | Bailey   | Noticed an orc knight
  7670 | D:9      | Reached XP level 10. HP: 56/84 MP: 11/13
  7794 | D:9      | Found Oruwi's Antique Armour Boutique.
  7831 | D:9      | Acquired Dithmenos's second power
  7834 | D:9      | Reached skill level 9 in Short Blades
  8227 | D:9      | Found a basalt altar of Yredelemnul.
  8232 | D:9      | Found a shimmering altar of Xom.
  8387 | D:10     | Entered Level 10 of the Dungeon
  8708 | D:10     | Noticed Fannar
  8735 | D:10     | Killed Fannar
  8904 | D:10     | Noticed a hill giant
  9157 | D:10     | Killed a hill giant
  9573 | D:10     | Noticed a tengu warrior
  9573 | D:10     | Noticed a tengu warrior
  9591 | D:10     | Killed a tengu warrior
  9591 | D:10     | Reached skill level 10 in Short Blades
  9598 | D:10     | Killed a tengu warrior
  9598 | D:10     | Reached XP level 11. HP: 50/94 MP: 3/14
  9913 | Lair:1   | Entered Level 1 of the Lair of Beasts
  9967 | Lair:1   | Noticed Harold
  9982 | Lair:1   | Killed Harold
  9982 | Lair:1   | Reached skill level 10 in Stealth
 10001 | Lair:1   | Noticed Grum
 10015 | Lair:1   | Acquired Dithmenos's third power
 10020 | Lair:1   | Killed Grum
 10546 | Lair:1   | Noticed Gastronok
 11389 | Lair:1   | Killed Gastronok
 11389 | Lair:1   | Reached skill level 11 in Short Blades
 11526 | Lair:1   | Got a scorched rapier
 11527 | Lair:1   | Identified the +4 rapier of Certain Death {elec, Str+3 Dex-2} (You found it on level 1 of the Lair of Beasts)
 12113 | Lair:2   | Reached XP level 12. HP: 85/104 MP: 12/15
 12133 | Lair:2   | Noticed a six-headed hydra
 12138 | Lair:2   | Killed a six-headed hydra
 12394 | Lair:2   | Noticed a six-headed hydra
 12403 | Lair:2   | Killed a six-headed hydra
 12856 | Lair:3   | Found a staircase to the Shoals.
 13076 | Lair:3   | Found a hole to the Spider Nest.
 13134 | Lair:3   | Reached skill level 12 in Short Blades
 13603 | Lair:4   | Acquired Dithmenos's fourth power
 13896 | Lair:4   | Noticed Urug
 13923 | Lair:4   | Killed Urug
 14106 | Lair:4   | Noticed Maud
 14134 | Lair:4   | Killed Maud
 14134 | Lair:4   | Reached skill level 10 in Fighting
 14979 | Lair:5   | Noticed a five-headed hydra
 15017 | Lair:5   | Killed a five-headed hydra
 15017 | Lair:5   | Reached XP level 13. HP: 113/113 MP: 16/16
 15021 | Lair:5   | Noticed a four-headed hydra
 15033 | Lair:5   | Killed a four-headed hydra
 15525 | Lair:6   | Reached skill level 13 in Short Blades
 16342 | Lair:7   | Found a staircase to the Slime Pits.
 17060 | Lair:7   | Found a shimmering altar of Xom.
 17554 | Lair:8   | Entered Level 8 of the Lair of Beasts
 18232 | Lair:8   | Reached skill level 14 in Short Blades
 18575 | Lair:8   | Gained mutation: Your large and strong wings let you fly indefinitely. [Black Draconian growth]
 18575 | Lair:8   | Reached XP level 14. HP: 124/124 MP: 12/17
 18591 | Lair:8   | Got an ancient blowgun
 18595 | Lair:8   | Identified the cursed +0 blowgun of Dissent {evade, +Blink rF- Dex+10 Stlth-} (You found it on level 8 of the Lair of Beasts)
 19409 | Lair:8   | Noticed a dire elephant
 19420 | Lair:8   | Killed a dire elephant
 19430 | Lair:8   | Got a slimy dire flail
 19431 | Lair:8   | Identified the cursed +2 dire flail of Huenk {venom, rC+} (You found it on level 8 of the Lair of Beasts)
 19590 | Lair:8   | Found a burning altar of Makhleb.
 19879 | Lair:8   | Found a gateway to Hell.
 21274 | Lair:7   | Reached skill level 10 in Dodging
 21507 | D:8      | Killed Erolcha
 21841 | D:11     | Reached skill level 1 in Throwing
 21903 | D:11     | Reached skill level 1 in Evocations
 22075 | D:11     | Noticed namelastname112's ghost (powerful DrSk)
 22192 | D:7      | Bought the amulet "Saotz" {rF+ rC+ Regen+ Str-4 Dex+4} for 663 gold pieces
 22333 | D:11     | Found a staircase to the Orcish Mines.
 22345 | Orc:1    | Entered Level 1 of the Orcish Mines
 22586 | Orc:1    | Found Gaklyj's Food Shop.
 22799 | Orc:2    | Reached skill level 1 in Invocations
 22845 | Orc:2    | Found Teta's Weapon Boutique.
 22909 | Orc:2    | Bought a +5 blowgun for 472 gold pieces
 23149 | Orc:3    | Found a frozen archway.
 23153 | IceCv    | Entered an ice cave
 23153 | IceCv    | Noticed nago's ghost (powerful HuWn)
 23165 | IceCv    | Killed nago's ghost
 23935 | Orc:3    | Noticed Donald
 23941 | Orc:3    | Killed Donald
 24185 | Orc:4    | Entered Level 4 of the Orcish Mines
 24459 | Orc:4    | Found a staircase to the Elven Halls.
 24656 | Orc:4    | Noticed Nergalle
 24765 | Orc:4    | Killed Nergalle
 24765 | Orc:4    | Reached skill level 1 in Shields
 24765 | Orc:4    | Reached XP level 15. HP: 121/134 MP: 18/18
 24873 | Orc:4    | Noticed an orc warlord
 24901 | Orc:4    | Noticed an orc warlord
 24918 | Orc:4    | Killed an orc warlord
 24918 | Orc:4    | Reached skill level 15 in Stealth
 25258 | Orc:4    | Found a roughly hewn altar of Beogh.
 25279 | Orc:4    | Killed an orc warlord
 25772 | Orc:4    | Found Nunihoap's Antique Weapon Emporium.
 25779 | Orc:4    | Bought a blackened dagger for 273 gold pieces
 25789 | Orc:4    | Found Tug Utui's Antique Armour Emporium.
 25809 | Orc:4    | Bought a runed buckler for 112 gold pieces
 25818 | Orc:4    | Found Sasmat's Book Emporium.
 25834 | Orc:4    | Found Guaw's General Store.
 25874 | Orc:4    | Found Siucatao's Antique Weapon Boutique.
 26344 | Elf:1    | Entered Level 1 of the Elven Halls
 26368 | Elf:1    | Found a radiant altar of Vehumet.
 26372 | Elf:1    | Noticed Nikola
 26410 | Elf:1    | Killed Nikola
 27014 | Elf:1    | Identified the Grimoire of Heresy
 27273 | Elf:1    | Noticed a quicksilver dragon
 27845 | D:12     | Noticed Sonja
 27915 | D:12     | Killed Sonja
 28155 | D:12     | Noticed Kirke
 28170 | D:12     | Killed Kirke
 28265 | D:12     | Identified the +1 dagger "Zecejab" {vamp, rC+ Str+4} (You bought it in a shop on level 4 of the Orcish Mines)
 28355 | D:12     | Noticed Maurice
 28363 | D:12     | Killed Maurice
 28408 | D:12     | Noticed Frances
 28412 | D:12     | Killed Frances
 28636 | D:13     | Found a labyrinth entrance.
 28648 | Lab      | Entered a labyrinth
 29205 | Lab      | Identified a +3 rod of ignition (12/12) (You found it in a labyrinth)
 29260 | D:13     | Reached skill level 16 in Stealth
 29260 | D:13     | Reached skill level 5 in Invocations
 29304 | D:13     | Reached skill level 5 in Evocations
 29619 | D:13     | Found a gate to the Vaults.
 30013 | D:14     | Reached skill level 5 in Throwing
 30013 | D:14     | Reached XP level 16. HP: 131/141 MP: 20/20
 30466 | D:14     | Reached skill level 5 in Shields
 30870 | D:15     | Entered Level 15 of the Dungeon
 31561 | D:15     | Noticed Azrael
 31613 | D:15     | Killed Azrael
 31682 | D:15     | Found a staircase to the Depths.
 32404 | Spider:1 | Entered Level 1 of the Spider Nest
 32617 | Spider:1 | Reached skill level 17 in Stealth
 33969 | Spider:3 | Reached XP level 17. HP: 128/148 MP: 22/22
 34080 | Spider:3 | Noticed Arachne
 34094 | Spider:3 | Killed Arachne
 34607 | Spider:4 | Entered Level 4 of the Spider Nest
 36111 | Spider:4 | Got a gossamer rune of Zot
 36400 | Shoals:1 | Entered Level 1 of the Shoals
 36401 | Shoals:1 | Found Quifi's Magic Scroll Emporium.
 36501 | Shoals:1 | Learned a level 1 spell: Apportation
 36505 | Shoals:1 | Learned a level 3 spell: Tukima's Dance
 36512 | Shoals:1 | Learned a level 6 spell: Invisibility
 36736 | Shoals:1 | Reached skill level 1 in Hexes
 36837 | Shoals:1 | You are sucked into a shaft!
 36882 | Shoals:2 | Reached skill level 18 in Stealth
 37553 | Shoals:2 | Reached XP level 18. HP: 51/155 MP: 24/24
 38500 | Shoals:3 | Reached skill level 10 in Shields
 38625 | Shoals:3 | Learned a level 6 spell: Deflect Missiles
 38631 | Shoals:3 | Learned a level 5 spell: Silence
 38726 | Shoals:3 | Learned a level 3 spell: Ozocubu's Armour
 38802 | Shoals:4 | Entered Level 4 of the Shoals
 39214 | Shoals:4 | Reached skill level 5 in Spellcasting
 39228 | Shoals:4 | Got a slimy brass ring
 39229 | Shoals:4 | Identified the ring of the Median {rPois Str+6} (You found it on level 4 of the Shoals)
 39431 | Shoals:4 | Reached skill level 5 in Hexes
 39469 | Shoals:4 | Noticed Ilsuiw
 39484 | Shoals:4 | Killed Ilsuiw
 41027 | Shoals:4 | Got a barnacled rune of Zot
 41731 | Elf:2    | Found Loivo's Armour Shop.
 42106 | Elf:2    | Found a runed door.
 42129 | Elf:2    | Found a runed door.
 42709 | Elf:3    | Entered Level 3 of the Elven Halls
 43079 | Elf:3    | Noticed Jorgrun
 43092 | Elf:3    | Killed Jorgrun
 43097 | Elf:3    | Reached XP level 19. HP: 122/161 MP: 29/31
 44940 | Elf:3    | Noticed Aizul
 44952 | Elf:3    | Killed Aizul
 45260 | Elf:3    | HP: 7/161 [deep elf master archer/arrow (30)]
 45260 | Elf:3    | HP: 3/161 [deep elf master archer/arrow (4)]
 45262 | Elf:3    | HP: 1/161 [deep elf master archer/arrow (20)]
 45262 | Elf:3    | Shot with an arrow by a deep elf master archer

Vault maps used:
D:1:      lemuel_arrival_muddy
D:2:      uniq_jessica
D:3:      lemuel_doored_altar, nicolae_dithmenos_shadow_blocks, first_bread,
          minmay_box_of_dots, uniq_crazy_yiuf_cottage
D:4:      portal_sewer_entry_d, serial_shops, shop
D:5:      nicolae_qazlal_general_emergency, temple_hall, serial_shops, shop,
          basic_altar, hangedman_abyss_or_decor_passed, uniq_edmund
D:6:      gup_ossuary_entry_pyramid, serial_shops, nicolae_shop_behind_doors,
          minmay_holes, uniq_grinder, uniq_pikel
D:7:      lemuel_coloured_pillars_altar, overflow_temple_1_default,
          serial_shops, shop, nicolae_shop_overgrown_old_shop,
          nicolae_shop_statue_plus, shop, grunt_ogre_cave
D:8:      dpeg_oklobed_lair, enter_bailey_8, uniq_erolcha, uniq_joseph
D:9:      minitemple, serial_shops, nicolae_shop_trees
D:10:     uniq_fannar
D:11:     david_orc_4
D:12:     uniq_frances, uniq_kirke, uniq_maurice, uniq_sonja
D:13:     david_vaults_5, lab_entry_generic
D:14:     dk_noncrumbling_2
D:15:     gammafunk_depths_entry_grave, small_statue_alley_a, uniq_azrael
Lair:1:   lemuel_fruit_fields, infiniplex_staircase_pool, uniq_gastronok,
          uniq_grum, uniq_harold
Lair:2:   nicolae_quartered_pool_super, serial_bayou_shore_b
Lair:3:   shoals_dummy_entry, spider_nest_entry_rubble
Lair:4:   uniq_maud, uniq_urug
Lair:5:   serial_bayou_shore_a
Lair:7:   slime_dummy, lemuel_oklob_altar
Lair:8:   evil_forest
Shoals:1: serial_shops, shop, shoals_oasis
Shoals:4: shoals_end_simple, shoals_ilsuiw_alternative
Spider:2: spider_trap
Spider:3: nicolae_spider_cling_ruins, uniq_arachne
Spider:4: guppyfry_spider_rune, guppyfry_spider_mini_3
Orc:1:    serial_shops, nicolae_shop_waterfront
Orc:2:    serial_shops, nicolae_shop_stone
Orc:3:    portal_ice_cave_entry_pillars_03, nicolae_orc_pool_cavern, uniq_donald
Orc:4:    grunt_orc_cross, serial_shops, nicolae_shop_stone
Elf:1:    eino_elf_arrival_altar, minmay_elf_necromancy,
          nicolae_elf_big_sculpture_3, uniq_nikola
Elf:2:    serial_shops, shop
Elf:3:    grunt_elf_hall_branching, uniq_aizul, uniq_jorgrun
Sewer:    sewer_big_baddie
Ossuary:  minmay_ossuary_gauntlet
Bailey:   bailey_polearm_4, bailey
IceCv:    ice_cave_statue_garden_02

Action                   |  1- 3 |  4- 6 |  7- 9 | 10-12 | 13-15 | 16-18 | 19-21 || total
-------------------------+-------+-------+-------+-------+-------+-------+-------++-------
Melee: Short sword       |    69 |       |       |       |       |       |       ||    69
       Dagger            |    28 |   168 |       |   191 |   852 |   941 |     5 ||  2185
       Long sword        |       |    35 |   250 |   376 |  1131 |  1309 |   205 ||  3306
       Quick blade       |       |       |       |       |       |     1 |       ||     1
 Fire: Blowgun           |       |       |       |       |     5 |    37 |       ||    42
Throw: Throwing net      |       |     1 |       |     2 |     4 |     3 |     3 ||    13
Invok: Shadow Step       |       |       |       |     1 |     6 |    13 |       ||    20
 Abil: Fly               |       |       |       |       |     1 |       |       ||     1
Evoke: Wand              |       |       |       |     9 |     2 |     7 |     3 ||    21
       Sack of spiders   |       |       |       |     1 |       |       |       ||     1
  Use: Potion            |     1 |     4 |     1 |       |     4 |     8 |       ||    18
       Scroll            |       |       |    18 |     7 |    17 |    15 |     1 ||    58
 Stab: Distracted        |     1 |     1 |     3 |     3 |    18 |    24 |     3 ||    53
       Held in net/web   |       |     1 |       |     5 |     4 |     2 |     1 ||    13
       Sleeping          |       |     4 |    21 |    55 |    90 |   129 |     1 ||   300
       Invisible         |       |       |       |       |       |     5 |       ||     5
       Confused          |       |       |       |       |       |     3 |       ||     3
  Eat: Chunk             |       |    10 |     8 |    22 |    27 |    20 |     1 ||    88
       Royal jelly       |       |       |     1 |     1 |       |       |       ||     2
       Beef jerky        |       |       |     1 |     2 |       |     8 |       ||    11
       Meat ration       |       |       |       |     1 |     4 |     4 |       ||     9
       Bread ration      |       |       |       |       |       |     1 |       ||     1
       Pizza             |       |       |       |       |       |     1 |       ||     1
       Fruit             |       |       |       |       |       |     3 |     9 ||    12
